Map: Redstorm

Players

Trycse

  • Race: Terran Terran
  • Spawn Location: 7:00

Flippleberry

  • Race: Protoss Protoss
  • League: Platinum
  • Spawn Location: 7:00

ILIEKEGGPIE - Winner!

  • Race: Protoss Protoss
  • League: Platinum
  • Spawn Location: 1:00

Lilith - Winner!

  • Race: Protoss Protoss
  • Spawn Location: 1:00

VOD

Have the link to the VOD?

Description

Time

  • Played on: May 23, 2018, 7 a.m.
  • Length: 11:34
Show
View Real Time Build Order
Export as new Build Order

Trycse Terran 

Build Orders: MMM Bio 

Get SALT Encoding   

  12  0:04  SCV  
  13  0:16  Supply Depot  
  13  0:18  SCV  
  14  0:30  SCV  
  15  0:41  Barracks  
  15  0:43  SCV  
  16  0:55  SCV  
  17  1:07  Barracks, SCV  
  17  1:10  Refinery  
  18  1:19  SCV  
  19  1:29  Marine  
  19  1:31  SCV  
  21  1:41  Supply Depot  
  21  1:43  Orbital Command  
  21  1:46  Marine  
  22  1:51  Supply Depot  
  22  1:54  Marine  
  22  2:00  Refinery  
  23  2:07  Marine  
  24  2:10  SCV  
  25  2:17  Supply Depot  
  25  2:21  Barracks Reactor  
  25  2:26  Marine  
  26  2:39  SCV  
  26  2:42  Supply Depot  
  27  2:47  Barracks Reactor  
  27  3:04  Marine x2  
  28  3:18  Supply Depot  
  27  3:22  Marine  
  27  3:23  Barracks, Marine x2  
  27  3:26  Barracks  
  27  3:29  Marine  
  27  3:31  Factory  
  28  3:39  Marine  
  28  3:41  Marine  
  30  3:43  Supply Depot  
  30  3:44  Marine  
  30  3:48  Marine  
  31  4:04  Marine  
  31  4:05  Marine x2  
  34  4:13  Marine x2  
  34  4:15  Barracks Tech Lab  
  35  4:19  Factory Tech Lab  
  32  4:25  Marine x2  
  32  4:27  Marine  
  32  4:41  Stimpack  
  32  4:44  Siege Tank  
  35  4:46  Barracks Reactor  
  35  4:47  Marine  
  36  4:56  Marine x3  
  39  5:01  Marauder  
  41  5:09  Marine  
  42  5:36  Command Center  
  42  5:41  Starport  
  42  6:07  Marine x2  
  43  6:23  Marine  
  40  6:28  Marine x3  
  40  6:32  Siege Tank  
  45  6:33  Marauder  
  45  6:39  Viking  
  33  7:14  Medivac  
  33  7:15  Orbital Command  
  35  7:22  Marine x6  
  39  7:23  Siege Tank  
  39  7:25  Marauder  
  46  7:36  SCV  
  47  7:43  SCV  
  48  7:45  Marine x2  
  48  7:48  SCV  
  48  7:50  Marine x3  
  48  7:51  Marine  
  55  7:52  Marauder  
  55  7:53  Combat Shields  
  55  7:55  SCV  
  55  7:56  Starport Reactor  
  58  8:26  Marine x4  
  61  8:27  Siege Tank  
  61  8:28  Marine  
  66  8:35  Engineering Bay  
  66  8:41  Marine x2  
  66  8:43  Medivac x2  
  66  8:46  SCV x2  
  66  8:48  Refinery  
  74  8:50  Refinery, Marine x2  
  74  8:51  Marine  
  77  8:56  Engineering Bay  
  77  8:57  Armory  
  77  9:07  Marine  
  77  9:09  Siege Tank  
  81  9:13  Viking  
  83  9:25  Supply Depot  
  83  9:26  SCV x2  
  83  9:29  Terran Infantry Weapons Level 1, Terran Infantry Armor Level 1  
  85  9:33  Missile Turret  
  85  9:38  Missile Turret  
  85  9:55  Marine x2  
  85  9:56  Viking  
  87  10:24  Viking  
  87  10:25  Marine  
  87  10:26  Marine x3  
  93  10:29  Missile Turret  
  93  10:33  Supply Depot  
  93  10:41  Supply Depot  
  93  10:45  Marine  
  78  11:11  Marine x4  
  60  11:12  Marauder  
Show
View Real Time Build Order
Export as new Build Order

Flippleberry Protoss 

Build Orders:  

Get SALT Encoding   

  12  0:00  Probe  
  13  0:12  Probe  
  14  0:19  Pylon  
  14  0:25  Probe  
  15  0:37  Probe  
  15  0:41  Forge  
  16  0:48  Pylon  
  16  1:09  Gateway  
  16  1:11  Gateway  
  16  1:18  Assimilator  
  16  1:19  Probe  
  17  1:31  Probe  
  18  1:43  Probe  
  19  1:49  Pylon  
  19  1:55  Probe  
  19  1:56  Zealot  
  19  1:58  Zealot  
  24  2:02  Cybernetics Core  
  24  2:23  Zealot  
  24  2:25  Zealot  
  28  2:37  Warp Gate  
  28  2:40  Pylon  
  28  2:50  Zealot  
  30  2:52  Zealot  
  32  3:14  Pylon  
  32  3:17  Zealot  
  32  3:19  Zealot  
  31  3:41  Twilight Council  
  27  3:44  Zealot, Pylon  
  27  3:46  Zealot  
  29  4:02  Charge  
  19  4:45  Zealot x2  
  19  4:49  Nexus  
  19  4:52  Pylon  
  23  5:06  Protoss Ground Armor Level 1, Pylon  
  23  5:09  Zealot x2  
  27  5:32  Gateway  
  27  5:34  Zealot x2, Gateway  
  31  5:43  Probe  
  32  6:00  Zealot x2  
  28  6:33  Zealot x2  
  28  6:42  Pylon  
  24  7:00  Zealot x2  
  24  7:01  Zealot x2  
  30  7:06  Probe x2  
  27  7:14  Probe x2  
  21  7:17  Dark Shrine  
  21  7:19  Assimilator  
  21  7:22  Pylon  
  23  7:23  Probe  
  23  7:24  Assimilator, Probe  
  23  7:28  Zealot  
  27  7:35  Probe  
  27  7:36  Probe  
  29  7:52  Probe x2  
  31  8:00  Gateway  
  31  8:02  Gateway  
  29  8:09  Zealot  
  29  8:10  Zealot  
  33  8:20  Probe x2  
  35  8:32  Protoss Ground Weapons Level 1  
  35  8:33  Dark Templar  
  37  8:35  Dark Templar  
  39  8:47  Pylon  
  35  9:09  Dark Templar x3  
  41  9:12  Zealot  
  41  9:13  Pylon  
  43  9:18  Probe  
  43  9:19  Probe  
  45  9:26  Probe  
  45  9:27  Probe  
  47  9:33  Dark Templar  
  49  9:38  Archon  
  49  9:47  Archon  
  49  9:48  Dark Templar x2  
  49  9:52  Zealot  
  55  9:54  Probe x2  
  57  10:06  Archon, Probe x2  
  59  10:21  Nexus  
  59  10:26  Dark Templar x2  
  63  10:38  Probe x2  
  65  10:45  Archon  
  65  10:51  Dark Templar  
  65  10:52  Dark Templar  
  41  11:12  Dark Templar  
  41  11:18  Dark Templar  
Show
View Real Time Build Order
Export as new Build Order

ILIEKEGGPIE Protoss - Winner!

Build Orders:  

Get SALT Encoding   

  12  0:01  Probe  
  13  0:13  Probe  
  14  0:18  Pylon  
  14  0:27  Probe  
  14  0:35  Probe  
  15  0:40  Gateway  
  16  0:43  Probe  
  17  0:53  Assimilator  
  18  0:57  Probe  
  18  1:09  Probe  
  19  1:12  Gateway  
  19  1:21  Probe  
  20  1:30  Cybernetics Core  
  20  1:31  Pylon  
  20  1:33  Probe  
  21  1:45  Probe  
  22  1:50  Assimilator  
  22  1:56  Stalker  
  22  1:57  Stalker  
  26  2:25  Nexus  
  26  2:32  Warp Gate  
  26  2:41  Stalker  
  28  2:50  Stalker  
  30  3:14  Shield Battery  
  30  3:17  Shield Battery  
  30  3:38  Stalker  
  30  3:42  Stalker  
  30  4:05  Probe  
  30  4:08  Stalker  
  33  4:17  Probe  
  33  4:21  Gateway  
  34  4:24  Robotics Facility  
  34  4:29  Probe  
  35  4:41  Probe  
  35  4:42  Probe  
  37  4:53  Probe  
  37  4:54  Probe  
  39  5:05  Probe  
  39  5:06  Probe, Pylon  
  41  5:18  Probe x2  
  43  5:25  Observer  
  44  5:30  Probe  
  44  5:33  Stalker  
  44  5:34  Stalker  
  44  5:35  Stalker, Probe  
  51  5:42  Assimilator, Probe  
  53  5:44  Probe  
  53  5:48  Assimilator, Pylon  
  54  5:50  Pylon  
  54  5:53  Pylon  
  54  6:06  Probe  
  54  6:07  Immortal  
  59  6:14  Sentry x3  
  63  6:46  Immortal  
  58  7:18  Probe  
  58  7:22  Probe  
  60  7:23  Assimilator  
  60  7:26  Gateway  
  60  7:28  Gateway  
  60  7:29  Gateway  
  60  7:30  Probe  
  60  7:32  Zealot x3, Gateway  
  60  7:33  Pylon  
  60  7:34  Probe  
  60  7:35  Pylon  
  60  7:37  Immortal  
  72  8:07  Twilight Council  
  72  8:08  Forge  
  72  8:10  Immortal  
  72  8:12  Forge  
  76  8:40  Charge  
  76  8:43  Protoss Ground Weapons Level 1  
  76  8:55  Stalker  
  76  8:56  Stalker  
  80  9:11  Stargate  
  80  9:12  Stargate  
  80  9:17  Pylon  
  80  9:19  Pylon  
  80  9:33  Pylon, Nexus  
  80  9:37  Pylon  
  80  9:38  Adept x5  
  82  9:39  Adept  
  92  9:54  Pylon  
  92  9:55  Pylon  
  92  9:58  Pylon  
  92  10:02  Pylon  
  88  10:16  Colossus  
  86  10:23  Templar Archives  
  86  10:26  Photon Cannon  
  86  10:29  Pylon  
  86  10:31  Pylon  
  86  10:33  Zealot x4  
  86  10:34  Zealot x2  
  74  11:23  Stalker x4  
  74  11:24  Stalker x3  
Show
View Real Time Build Order
Export as new Build Order

Lilith Protoss - Winner!

Build Orders:  

Get SALT Encoding   

  1  0:00  Probe  
  12  0:06  Probe  
  14  0:25  Pylon  
  14  0:30  Assimilator  
  14  0:31  Probe  
  15  0:43  Probe  
  15  0:47  Gateway  
  16  0:55  Pylon  
  16  1:00  Probe  
  17  1:12  Probe  
  17  1:18  Gateway  
  18  1:24  Probe  
  19  1:35  Cybernetics Core  
  19  1:51  Zealot  
  19  1:53  Probe  
  22  2:01  Assimilator, Probe  
  23  2:11  Probe  
  24  2:16  Robotics Facility  
  24  2:17  Warp Gate  
  24  2:20  Probe  
  24  2:28  Probe  
  26  2:37  Probe  
  27  2:54  Immortal  
  28  4:47  Pylon  
  28  4:54  Pylon  
  28  4:57  Pylon x2  
  28  4:58  Nexus  
  28  4:59  Pylon  
  28  5:01  Assimilator  
  28  5:02  Immortal  
  28  5:03  Assimilator  
  30  5:09  Probe, Forge  
  30  5:14  Forge  
  33  5:25  Stalker  
  35  5:28  Sentry  
  37  5:37  Probe  
  37  5:41  Immortal  
  42  5:45  Probe  
  42  5:47  Protoss Ground Armor Level 1, Protoss Ground Weapons Level 1  
  43  5:53  Robotics Bay  
  43  5:55  Probe  
  43  5:57  Robotics Facility  
  43  5:58  Pylon  
  44  6:07  Probe  
  39  6:33  Immortal  
  41  6:49  Stalker x2  
  41  7:13  Immortal  
  45  7:25  Probe x2  
  47  7:34  Probe  
  47  7:37  Probe  
  47  7:38  Colossus  
  47  7:39  Gateway  
  47  7:40  Gateway  
  47  7:42  Gateway, Probe  
  47  7:43  Pylon  
  47  7:44  Protoss Shields Level 1  
  49  7:45  Pylon  
  49  7:46  Observer  
  49  7:48  Pylon  
  49  7:49  Probe  
  57  7:51  Probe  
  59  8:01  Probe  
  59  8:02  Extended Thermal Lance  
  59  8:04  Probe  
  61  8:13  Probe  
  62  8:46  Zealot  
  62  8:47  Zealot  
  66  8:50  Probe  
  67  9:02  Probe  
  68  9:12  Photon Cannon  
  68  9:16  Photon Cannon  
  68  9:24  Colossus  
  68  9:26  Photon Cannon  
  68  9:29  Immortal  
  68  9:30  Photon Cannon  
  78  9:32  Photon Cannon  
  78  9:49  Twilight Council  
  78  10:06  Stalker x2  
  79  10:13  Nexus  
  79  10:44  Stalker x4  
  79  10:45  Stalker  
Tags
 
Composition
MMM Bio
Replay Pack
Multi
Add a new tag
Caveats
  • Supply blocks, unpowered buildings, or Contaminate may cause inaccurate times.
  • Supply counts are checked every 10 seconds.